 Dungeon Crawl Stone Soup version 0.20.0-15-g7f486f2 (webtiles) character file.

131 vishdafish the Shield-Bearer (level 5, -1/33 HPs)
             Began as a Gargoyle Fighter on June 18, 2017.
             Slain by Grinder (6 damage)
             ... on level 3 of the Dungeon.
             The game lasted 00:05:57 (1723 turns).

vishdafish the Shield-Bearer (Gargoyle Fighter)     Turns: 1723, Time: 00:05:57

Health: -1/33      AC: 10    Str: 25    XL:     5   Next: 14%
Magic:  5/5        EV:  7    Int:  8    God:
Gold:   178        SH:  9    Dex: 10    Spells: 4/4 levels left

rFire    . . .     SeeInvis .   a - +0 flail
rCold    . . .     Gourm    .   c - +0 shield
rNeg     + . .     Faith    .   b - +0 scale mail
rPois    ∞         Spirit   .   (no helmet)
rElec    +         Reflect  .   (no cloak)
rCorr    .         Harm     .   (no gloves)
MR       .....                  (no boots)
Stlth    ..........             (no amulet)
Regen    0.2/turn               (no ring)
MPRegen  0.1/turn               (no ring)

@: mighty, flying, hasted, drained, very quick
A: negative energy resistance 1, electricity resistance, unbreathing,
petrification resistance, rot immunity, AC +4
a: no special abilities


You were on level 3 of the Dungeon.
You were not hungry.

You visited 1 branch of the dungeon, and saw 3 of its levels.

You collected 178 gold pieces.

Inventory:

Hand Weapons
 a - a +0 flail (weapon)
Missiles
 r - 6 needles of frenzy
Armour
 b - a +0 scale mail (worn)
 c - a +0 shield (worn)
Jewellery
 k - an uncursed amulet of harm
Scrolls
 g - 2 scrolls of blinking {unknown}
 h - 3 scrolls of remove curse {unknown}
 m - a scroll of fear {unknown}
 o - a scroll of random uselessness {unknown}
 q - a scroll of enchant armour {unknown}
 t - a scroll of amnesia {unknown}
Potions
 e - a potion of haste
 i - 2 potions of curing
 j - a potion of mutation {unknown}
 l - a potion of degeneration {unknown}
 p - a potion of flight
Comestibles
 f - 2 bread rations
 n - 2 meat rations
 s - 2 royal jellies


   Skills:
 + Level 3.7(2.6) Fighting
 + Level 3.1(2.0) Maces & Flails
 + Level 3.6(2.6) Armour
 + Level 0.5(0.0) Dodging
 * Level 1.9(0.9) Stealth
 + Level 4.4(3.4) Shields


You had 4 spell levels left.
You didn't know any spells.

Dungeon Overview and Level Annotations

Branches:
Dungeon (3/15)

Altars:

Annotations:
D:3 Grinder


Innate Abilities, Weirdness & Mutations

You are resistant to torment.
Your stone body is resilient. (AC +4)
You are immune to poison.
You resist negative energy. (rN+)
You are resistant to electric shocks. (rElec)
You can survive without breathing.
You are immune to petrification.
You are immune to rotting.


Message History

Grinder hits you but does no damage. Grinder gestures at you.
You resist with significant effort.
You can move again.
It was a potion of curing.
You feel better. Grinder hits you!
* * * LOW HITPOINT WARNING * * *
You closely miss Grinder.
Grinder is heavily wounded.
You block Grinder's attack.
It was a potion of haste.
You feel yourself speed up. Grinder hits you but does no damage.
You closely miss Grinder.
Grinder is heavily wounded.
Grinder gestures at you. Pain shoots through your body!
* * * LOW HITPOINT WARNING * * *
You sock Grinder!
Grinder is almost dead.
Grinder hits you.
You die...

#(#.# #..# #.†###.#. #.#†#
#..####....#.#. # #.#.#
#..........# #. ##.###.#.#
##...........#.
#......#.#########.#######
#.....................
#..#.#########.#######
#?##.#########>
#...$@.........
####.5.........
....<###### #######


You could see Grinder.

Vanquished Creatures
  Jessica (D:3)
  A worker ant (D:3)
  3 adders (D:2)
  An ooze (D:3)
  A worm (D:2)
  A dart slug (D:1)
  A leopard gecko (D:2)
  3 giant cockroaches
  5 goblins
  3 hobgoblins
  6 jackals
  2 quokkas
  3 ball pythons
  5 bats
  2 frilled lizards
  4 kobolds
  5 rats
47 creatures vanquished.

Notes
Turn   | Place    | Note
-------+----------+-------------------------------------------
     0 | D:1      | vishdafish the Gargoyle Fighter began the quest for the Orb.
     0 | D:1      | Reached XP level 1. HP: 14/14 MP: 1/1
    91 | D:1      | Reached XP level 2. HP: 13/19 MP: 2/2
   613 | D:2      | Reached XP level 3. HP: 22/23 MP: 3/3
   972 | D:2      | Reached skill level 1 in Stealth
  1029 | D:2      | Reached XP level 4. HP: 25/29 MP: 4/4
  1084 | D:2      | Reached skill level 4 in Shields
  1327 | D:3      | Noticed Jessica
  1331 | D:3      | Killed Jessica
  1434 | D:3      | Reached XP level 5. HP: 21/33 MP: 5/5
  1682 | D:3      | Noticed Grinder
  1693 | D:3      | Paralysed by Grinder for 5 turns
  1714 | D:3      | Paralysed by Grinder for 5 turns
  1723 | D:3      | Slain by Grinder

Skill      XL: |  1  2  3  4 |
---------------+-------------+-----
Stealth        | 1 |  1.9
Shields        | 4 |  4.4
Maces & Flails | 3 |  3.1
Fighting       | |  3.7
Armour         | |  3.6
Dodging        | |  0.5

Action                   |  1- 3 |  4- 6 || total
-------------------------+-------+-------++-------
Melee: Flail             |   124 |    75 ||   199
  Use: Potion            |       |     4 ||     4
  Eat: Bread ration      |     1 |       ||     1
Armor: Scale mail        |   102 |    34 ||   136
Dodge: Dodged            |    62 |    23 ||    85
Block: Shield            |    99 |    30 ||   129
